 Dungeon Crawl Stone Soup version 0.23.0 (webtiles) character file.

Game seed: 10436112172636842138

5056 Blackhawk the Cleaver (level 10, -5/93 HPs)
             Began as a Hill Orc Fighter on Feb 11, 2019.
             Was a Priest of Beogh.
             Killed by refrigeration
             ... invoked by Fannar
              (8 damage)
             ... on level 10 of the Dungeon.
             The game lasted 00:16:11 (9583 turns).

Blackhawk the Cleaver (Hill Orc Fighter)            Turns: 9583, Time: 00:16:11

Health: -5/93      AC: 21    Str: 23    XL:     10   Next: 56%
Magic:  10/10      EV:  9    Int:  8    God:    Beogh [***...]
Gold:   676        SH: 11    Dex: 10    Spells: 9/9 levels left

rFire    . . .     SeeInvis .   a - +0 war axe
rCold    . . .     Gourm    .   c - +0 shield
rNeg     . . .     Faith    .   d - +4 chain mail
rPois    +         Spirit   .   e - +0 helmet
rElec    .         Reflect  .   u - +0 cloak
rCorr    .         Harm     .   (no gloves)
MR       .....                  U - +2 pair of boots
Stlth    ..........             (no amulet)
HPRegen  0.25/turn              j - +2 ring of evasion (curse)
MPRegen  0.12/turn              r - ring of poison resistance

@: no status effects
A: no striking features
a: Smiting, Renounce Religion


You were on level 10 of the Dungeon.
You worshipped Beogh.
Beogh was most pleased with you.
You were not hungry.

You visited 1 branch of the dungeon, and saw 10 of its levels.
You also visited: Ossuary.

You collected 706 gold pieces.
You spent 30 gold pieces at shops.

Inventory:

Hand Weapons
 a - a +0 war axe (weapon)
 C - a +2 whip of flaming
 H - a +3 flail of freezing
 N - a +4 war axe
Armour
 b - a +0 scale mail
 c - a +0 shield (worn)
 d - a +4 chain mail (worn)
 e - a +0 helmet (worn)
 l - a +0 chain mail
 u - a +0 cloak (worn)
 U - a +2 pair of boots (worn)
Jewellery
 g - an uncursed ring of protection from cold {unknown}
 j - a cursed +2 ring of evasion (left hand)
 k - a +2 ring of intelligence
 r - a ring of poison resistance (right hand)
 E - an uncursed ring of protection from magic {unknown}
 I - an uncursed ring of magical power {unknown}
 P - an uncursed ring of flight {unknown}
Wands
 J - a wand of flame (21)
 Q - a wand of paralysis (18)
 V - a wand of clouds (3)
Scrolls
 h - a scroll of amnesia {unknown}
 m - 5 scrolls of enchant armour {unknown}
 n - 9 scrolls of identify {unknown}
 p - a scroll of fear {unknown}
 t - 4 scrolls of enchant weapon {unknown}
 v - 12 scrolls of teleportation
 y - 2 scrolls of immolation {unknown}
 A - 2 scrolls of noise {unknown}
 B - 2 scrolls of magic mapping {unknown}
 F - 2 scrolls of brand weapon {unknown}
 G - 2 scrolls of blinking {unknown}
 K - 4 scrolls of random uselessness {unknown}
 M - 2 scrolls of remove curse {unknown}
 S - a scroll of fog {unknown}
 T - a scroll of acquirement {unknown}
Potions
 i - 6 potions of heal wounds
 o - 2 potions of flight {unknown}
 q - 2 potions of lignification {unknown}
 s - 4 potions of agility {unknown}
 w - a potion of ambrosia {unknown}
 x - 2 potions of brilliance {unknown}
 z - 4 potions of curing {unknown}
 D - 2 potions of resistance {unknown}
 L - 2 potions of haste {unknown}
 O - a potion of degeneration {unknown}
 R - a potion of berserk rage {unknown}
 W - a potion of might
 Y - a potion of cancellation {unknown}
Comestibles
 f - 23 rations
 X - 3 chunks of flesh


   Skills:
 + Level 9.9 Fighting
 + Level 10.3 Axes
 + Level 9.0 Armour
 + Level 9.0 Shields


You had 9 spell levels left.
You didn't know any spells.
Your spell library contained the following spells:

 Spells                   Type           Power        Failure   Level  Hunger
 Sting                    Conj/Pois      #...         99%         1    ##.....
 Summon Small Mammal      Summ           #...         99%         1    ##.....
 Call Imp                 Summ           #.......     100%        2    ###....
 Poisonous Vapours        Pois/Air       #.....       100%        2    ###....
 Call Canine Familiar     Summ           #.......     100%        3    ####...
 Mephitic Cloud           Conj/Pois/Air  #.......     100%        3    ####...
 Summon Guardian Golem    Hex/Summ       #.......     100%        3    ####...
 Olgreb's Toxic Radiance  Pois           #.......     100%        4    #####..
 Summon Ice Beast         Ice/Summ       #.......     100%        4    #####..
 Summon Lightning Spire   Summ/Air       #.......     100%        4    #####..
 Venom Bolt               Conj/Pois      #.........   100%        5    ######.


Dungeon Overview and Level Annotations

Branches:
Dungeon (10/15)            Temple (0/1) D:7             Orc (0/2) D:9
   Lair: D:8-11

Altars:
Fedhas
Makhleb
Nemelex Xobeh
Okawaru
Ru
Wu Jian
The Shining One

Shops:
D:4 :   D:7 ?[[?=   D:9 :

Annotations:
D:10 Fannar


Message History

You hit the ice beast.
The ice beast is moderately wounded.
You block the ice beast's attack.
You slash the ice beast!
The ice beast is severely wounded.
The ice beast hits you but does no damage.
You hit the ice beast but do no damage.
The ice beast is severely wounded.
The ice beast hits you but does no damage.
Fannar points at you and mumbles some strange words.
The bolt of cold hits the ice beast.
The ice beast completely resists.
The bolt of cold hits you!!
* * * LOW HITPOINT WARNING * * *
You barely miss the ice beast.
The ice beast is severely wounded.
The ice beast hits you but does no damage.
Fannar gestures wildly while chanting.
Fannar drains the heat from the surrounding environment!
You feel very cold.
You die...

### ..# #.#
### #.#
...#.#
#.#.########.
#..))@Ye.....
###.########.
#.# #o# # ##
#.#### . .#
#....#####. #
.##
##......... .
...
#.#.###### #
#.#
####.#.###


You could see Fannar and an ice beast.

Vanquished Creatures
  Pikel (D:7)
  A hornet (D:10)
  A human (D:8)
  A wyvern (D:10)
  4 hogs (D:8)
  Duvessa (D:6)
  2 orc warriors
  A necrophage (D:6)
  A phantom (D:5)
  6 centaurs
  5 bullfrogs
  Dowan (D:6)
  2 scorpions
  4 wights (D:6)
  4 howler monkeys
  2 crimson imps
  2 hounds
  2 bullfrog zombies (Ossuary)
  3 centaur zombies
  3 jellies
  6 orc wizards
  6 orc priests
  2 iguanas
  7 worker ants
  2 killer bee zombies (Ossuary)
  2 hound zombies (Ossuary)
  A hound skeleton (D:6)
  15 mummies (Ossuary)
  A howler monkey zombie (Ossuary)
  4 worker ant zombies
  4 gnolls (D:3)
  12 adders
  2 shadow imps
  5 adder zombies (Ossuary)
  An ooze (D:5)
  6 worms
  2 dart slugs (D:2)
  4 leopard geckos
  24 orcs
  A ball python (D:6)
  2 giant cockroaches
  A gnoll zombie (D:8)
  5 goblins
  7 hobgoblins
  5 jackals
  6 quokkas
  7 bats
  4 frilled lizards
  A jackal zombie (Ossuary)
  6 kobolds
  3 quokka skeletons (D:5)
  3 quokka zombies
  4 rats
208 creatures vanquished.

Vanquished Creatures (collateral kills)
  A vampire mosquito (D:9)
  An orc warrior (D:10)
  A bullfrog (D:9)
  A scorpion (D:9)
  2 hounds
  An orc wizard (D:9)
  A worker ant (D:9)
  A shadow imp (D:9)
9 creatures vanquished.

Vanquished Creatures (others)
  An orc warrior (D:10)
  A black bear (D:7)
  An iguana (D:7)
  An orc wizard (D:6)
  8 orcs
  A bat (D:3)
  A goblin (D:3)
14 creatures vanquished.

Grand Total: 231 creatures vanquished

Notes
Turn   | Place    | Note
-------+----------+-------------------------------------------
     0 | D:1      | Blackhawk the Hill Orc Fighter began the quest for the Orb.
     0 | D:1      | Reached XP level 1. HP: 19/19 MP: 1/1
   195 | D:1      | Reached skill level 3 in Axes
   195 | D:1      | Reached XP level 2. HP: 27/27 MP: 2/2
   800 | D:2      | Reached XP level 3. HP: 33/33 MP: 3/3
  1068 | D:2      | Reached XP level 4. HP: 40/40 MP: 4/4
  1725 | D:3      | Became a worshipper of Beogh the Brigand
  1732 | D:3      | Reached skill level 4 in Axes
  1823 | D:3      | Reached XP level 5. HP: 38/47 MP: 5/5
  2435 | D:3      | Found a sparkling altar of Nemelex Xobeh.
  2436 | D:3      | Found a glowing golden altar of the Shining One.
  2607 | D:4      | Found Dein's Book Boutique.
  2939 | D:5      | Entered Level 5 of the Dungeon
  2939 | D:5      | Noticed a centaur
  2957 | D:5      | Killed a centaur
  2957 | D:5      | Reached skill level 5 in Fighting
  2957 | D:5      | Reached XP level 6. HP: 51/56 MP: 6/6
  3068 | D:5      | Noticed a phantom
  3087 | D:5      | Killed a phantom
  3087 | D:5      | Reached skill level 5 in Axes
  3179 | D:5      | Reached skill level 5 in Armour
  3211 | D:5      | Reached skill level 5 in Shields
  3211 | D:5      | Reached XP level 7. HP: 53/61 MP: 7/7
  3742 | D:6      | Found a sacrificial altar of Ru.
  3749 | D:6      | Reached * piety under Beogh
  3823 | D:6      | Reached skill level 6 in Axes
  3907 | D:6      | Reached XP level 8. HP: 60/70 MP: 8/8
  4060 | D:6      | Noticed Dowan
  4060 | D:6      | Noticed Duvessa
  4071 | D:6      | Killed Duvessa
  4087 | D:6      | Killed Dowan
  4536 | D:6      | Reached skill level 7 in Axes
  4789 | D:6      | Found a blossoming altar of Fedhas.
  5636 | D:7      | Found an iron altar of Okawaru.
  5640 | D:7      | Found an ornate altar of the Wu Jian Council.
  5721 | D:7      | Found a staircase to the Ecumenical Temple.
  5736 | D:7      | Noticed Pikel
  5758 | D:7      | Killed Pikel
  5758 | D:7      | Reached skill level 8 in Axes
  5758 | D:7      | Reached XP level 9. HP: 75/81 MP: 9/9
  5820 | D:7      | Reached ** piety under Beogh
  5960 | D:7      | Found Gug Gif's Magic Scroll Boutique.
  6068 | D:7      | Bought a scroll of teleportation for 30 gold pieces
  6083 | D:7      | Found Uxzoekk's Armour Shop.
  6086 | D:7      | Found Ixell's Armour Shop.
  6108 | D:7      | Found Zymerac's Magic Scroll Shop.
  6173 | D:7      | Found a burning altar of Makhleb.
  6384 | D:7      | Found Puru's Jewellery Shop.
  6631 | D:8      | Reached skill level 9 in Axes
  7143 | D:8      | Found a sand-covered staircase.
  7162 | Ossuary  | Entered an ossuary
  7190 | Ossuary  | Reached XP level 10. HP: 91/91 MP: 10/10
  7199 | Ossuary  | Reached *** piety under Beogh
  8150 | D:9      | Found Ohoess's Book Boutique.
  8159 | D:9      | Found a staircase to the Orcish Mines.
  8239 | D:9      | Reached skill level 10 in Axes
  9024 | D:10     | Entered Level 10 of the Dungeon
  9541 | D:10     | Noticed Fannar
  9582 | D:10     | HP: 3/93 [Fannar/bolt of cold (30)]
  9583 | D:10     | Killed from afar by Fannar

Skill      XL: |  1  2  3  4  5  6  7  8  9 10 |
---------------+-------------------------------+-----
Axes           | 3 4 5 6 8 9 10 | 10.3
Fighting       | 4 5 6 8 9 |  9.9
Armour         | 4 5 7 8 9 |  9.0
Shields        | 4 5 7 8 9 |  9.0

Action                   |  1- 3 |  4- 6 |  7- 9 | 10-12 || total
-------------------------+-------+-------+-------+-------++-------
Melee: War axe           |    93 |   185 |   367 |   297 ||   942
Invok: Convert to Beogh  |       |     1 |       |       ||     1
  Use: Potion            |       |       |     3 |       ||     3
 Stab: Distracted        |       |       |       |     2 ||     2
  Eat: Chunk             |     1 |     7 |    10 |     8 ||    26
       Ration            |       |       |     1 |       ||     1
Armor: Scale mail        |    19 |       |       |       ||    19
       Chain mail        |    33 |    91 |   182 |    96 ||   402
Dodge: Dodged            |    34 |    65 |   102 |    67 ||   268
Block: Shield            |    40 |    86 |   219 |   130 ||   475
